 Dungeon Crawl Stone Soup version 0.27.1-34-g3ba077fa99 (webtiles) character file.

Game seed: 11967858034086652085

195 Ekaitz the Digger (level 5, -7/29 HPs)
             Began as a Deep Elf Earth Elementalist on Jan 6, 2022.
             Killed by divine providence
             ... invoked by an orc priest
              (15 damage)
             ... on level 3 of the Dungeon.
             The game lasted 00:07:34 (2653 turns).

Ekaitz the Digger (Deep Elf Earth Elementalist)     Turns: 2653, Time: 00:07:35

Health: -7/29      AC:  2    Str:  5    XL:     5   Next: 45%
Magic:  5/12       EV: 13    Int: 20    God:
Gold:   56         SH:  0    Dex: 16    Spells: 5/11 levels left

rFire    . . .     SeeInvis .   d - +2 dagger (venom)
rCold    . . .     Faith    .   (no shield)
rNeg     . . .     Spirit   .   b - +0 robe
rPois    .         Reflect  .   (no helmet)
rElec    .         Harm     .   (no cloak)
rCorr    .         Rampage  .   (no gloves)
Will     .....                  (no boots)
Stlth    +++.......             (no amulet)
HPRegen  0.09/turn              (no ring)
MPRegen  0.13/turn              (no ring)

@: no status effects
A: no striking features
a: no special abilities


You were on level 3 of the Dungeon.
You visited 1 branch of the dungeon, and saw 3 of its levels.
You also visited: Sewer.

You collected 56 gold pieces.

Inventory:

Hand Weapons
 a - a +2 dagger of electrocution
 d - a +2 dagger of venom (weapon)
 o - a +0 hunting sling
Missiles
 c - 75 stones
 n - 6 curare-tipped darts
 p - 18 sling bullets
 q - 39 poisoned darts
Armour
 b - a +0 robe (worn)
Jewellery
 j - a ring of willpower
Scrolls
 e - a scroll of acquirement {unknown}
 f - 2 scrolls of amnesia {unknown}
 g - a scroll of immolation {unknown}
 h - 3 scrolls of identify {unknown}
 k - a scroll of brand weapon {unknown}
 l - a scroll of torment {unknown}
 m - a scroll of fog {unknown}
 r - a scroll of teleportation {unknown}
Potions
 i - 3 potions of flight
 s - 3 potions of heal wounds


   Skills:
 * Level 1.2 Fighting
 + Level 0.6 Short Blades
 * Level 3.3 Dodging
 + Level 3.7 Stealth
 + Level 3.8 Spellcasting
 * Level 1.5 Conjurations
 + Level 1.5 Transmutations
 * Level 4.5 Earth Magic


You had 5 spell levels left.
You knew the following spells:

 Your Spells              Type           Power      Damage    Failure   Level
a - Sandblast             Erth           44%        2d11      1%          1
b - Passwall              Tmut/Erth      12%        N/A       6%          2
c - Stone Arrow           Conj/Erth      30%        3d8       12%         3

Your spell library contained the following spells:

 Spells                   Type           Power      Damage    Failure   Level
 Petrify                  Tmut/Erth      15%        N/A       36%         4


Dungeon Overview and Level Annotations

Branches:
Dungeon (3/15)              Sewer (visited)

Altars:
Makhleb

Shops:
D:1 ::!


Message History

You barely miss the orc. The orc hits you with a +0 whip.
Casting: Passwall (safe; 6% risk of failure)
Confirm with . or Enter, or press ? or * to list all spells.
The spell is quite dangerous to cast (12% risk of failure)!
Continue anyway?
Aiming: Stone Arrow (quite dangerous; 12% risk of failure)
Press: ? - help, Shift-Dir - straight line, f - orc priest
Aim: an orc priest, wielding a +0 mace and wearing a +0 scale mail (72% to hit)
The stone arrow hits the orc!
You kill the orc!
The bat closely misses you.
Unknown command.
Casting: Stone Arrow (quite dangerous; 12% risk of failure)
Confirm with . or Enter, or press ? or * to list all spells.
The spell is quite dangerous to cast (12% risk of failure)!
Continue anyway?
Aiming: Stone Arrow (quite dangerous; 12% risk of failure)
Press: ? - help, Shift-Dir - straight line, f/p - orc priest
Aim: an orc priest, wielding a +0 mace and wearing a +0 scale mail (72% to hit)
The stone arrow hits the orc priest.
The orc priest is moderately wounded.
The bat hits you but does no damage. x2
Unknown command.
You hit the orc priest but do no damage.
The orc priest is poisoned.
The orc priest is moderately wounded.
The bat closely misses you. x2; The orc priest hits you with a +0 mace!
* * * LOW HITPOINT WARNING * * *
Unknown command.
The bat barely misses you.
Unknown command.
Casting: Stone Arrow (quite dangerous; 12% risk of failure)
Confirm with . or Enter, or press ? or * to list all spells.
Aiming: Sandblast (safe; 1% risk of failure)
Press: ? - help, Shift-Dir - straight line, f/p - orc priest
Aim: an orc priest, wielding a +0 mace and wearing a +0 scale mail (heavily wounded, very poisoned, 83% to hit)
The blast of sand hits the orc priest but does no damage.
The orc priest is heavily wounded.
The orc priest mumbles some strange prayers to Beogh against you.
Beogh smites you!
Ouch! That really hurt!
You die...

+........ ....... .......
##########..#...#
......S.o#..#.... #o##..#.#.#
#.<#..#.#.#
############..#.#.# .
#bo@..........†.#.#
....######)##########.#.##.#.
....'o†.......)..............
....######.##########.#.#####
. #.# #.#.#.... #.# #.#.#.#..
#.# ##.#.#.#.# #.# #..#.#.#.#
#.# #. #...#.#


You could see an orc priest (very poisoned) and a bat.

Vanquished Creatures
  A kobold brigand (Sewer)
  An orc priest (D:3)
  2 adders
  2 river rats (Sewer)
  2 dart slugs (D:2)
  2 orcs
  3 ball pythons
  6 giant cockroaches
  5 goblins
  2 hobgoblins
  2 jackals (Sewer)
  2 quokkas
  3 bats
  3 frilled lizards
  6 kobolds
  14 rats
56 creatures vanquished.

Notes
Turn   | Place    | Note
-------+----------+-------------------------------------------
     0 | D:1      | Ekaitz the Deep Elf Earth Elementalist began the quest for
                  | the Orb.
     0 | D:1      | Reached XP level 1. HP: 10/10 MP: 6/6
    82 | D:1      | Found Inogror's Book Emporium.
   117 | D:1      | Found a faded altar of an unknown god.
   210 | D:1      | Found Qewaehoo's Book Shop.
   269 | D:1      | Reached XP level 2. HP: 13/15 MP: 8/8
   272 | D:1      | Learned a level 2 spell: Passwall
   615 | D:1      | Found Tyfadiow's Distillery.
   827 | D:2      | Found a burning altar of Makhleb.
   921 | D:2      | Reached XP level 3. HP: 20/20 MP: 6/9
  1035 | D:2      | Learned a level 3 spell: Stone Arrow
  1458 | D:3      | Reached skill level 4 in Earth Magic
  1458 | D:3      | Reached XP level 4. HP: 24/24 MP: 11/11
  1663 | D:3      | Found a glowing drain.
  1910 | Sewer    | Entered a sewer
  1919 | Sewer    | Reached skill level 1 in Conjurations
  1926 | Sewer    | Reached skill level 1 in Fighting
  2247 | Sewer    | Noticed a kobold brigand
  2281 | Sewer    | Killed a kobold brigand
  2282 | Sewer    | Reached XP level 5. HP: 24/29 MP: 5/12
  2469 | Sewer    | Found a white marble altar of Elyvilon.
  2653 | D:3      | Killed from afar by an orc priest

Illustrated notes

Levels and vault maps discovered:
D:1:      minmay_arrival_four_loops, layout_basic, serial_shops, shop_statue,
          nicolae_shop_stone, shop, ebering_ecumenical_altar_mist,
          minmay_rat_gold_closets
D:2:      layout_basic, basic_altar, grunt_ministairs_2
D:3:      layout_basic, portal_sewer_entry_b, kennysheep_another_room

Skill      XL: |  1  2  3  4 |
---------------+-------------+-----
Dodging        | 3 |  3.3
Stealth        | 3 |  3.7
Earth Magic    | 4 |  4.5
Conjurations   | 1 |  1.5
Fighting       | 1 |  1.2
Short Blades   | |  0.6
Spellcasting   | |  3.8
Transmutations | |  1.5

Action                   |  1- 3 |  4- 6 || total
-------------------------+-------+-------++-------
Melee: Dagger            |    56 |    39 ||    95
       Mace              |     1 |       ||     1
 Cast: Sandblast         |     4 |    10 ||    14
       Passwall          |     8 |     5 ||    13
       Stone Arrow       |     1 |     9 ||    10
  Use: Potion            |       |     1 ||     1
 Stab: Sleeping          |    15 |     3 ||    18
Armor: Robe              |     9 |     5 ||    14
Dodge: Dodged            |    31 |    27 ||    58
